AoeStats
← Ryanbabel

Arena

510525662Analyzed
1v1 RM · 1d ago on Oct 1, 2026· 40m 49s· 2 players
Game mode
Random Map
Map size
Tiny (2 player)
Population
200
Speed
Normal
Resources
Standard
Victory
Conquest
Starting age
Dark Age
Ending age
Imperial Age
RankedLock teamsTeams togetherTeam positionsShared explorationLock speedFull tech treeHidden civsTurbo modeCheats
Victory
Defeat
🇹🇷 Inca · Türkiye
1052
+16
🇪🇬 Poles · Egypt
1044
-16
LemanRuss
7:53 Loom
10:19 Feudal Age
16:23 Castle Age
14:37 Double-Bit Axe
16:06 Stone Mining
25:06 Wheelbarrow
26:15 Szlachta Privileges
27:08 Bloodlines
28:30 Scale Barding Armor
28:36 Forging
30:29 Hand Cart
30:47 Husbandry
34:43 Imperial Age
31:50 Light Cavalry
33:38 Gold Mining
35:16 Iron Casting
35:48 Conscription
36:00 Lechitic Legacy
35:41 Cavalier
36:43 Winged Hussar
38:53 Chain Barding Armor
Ryanbabel
9:59 Feudal Age
15:59 Castle Age
15:24 Double-Bit Axe
15:19 Horse Collar
15:27 Horse Collar
17:56 Heavy Plow
18:12 Bow Saw
21:48 Gold Mining
21:49 Crossbowman
24:33 Stone Mining
25:18 Gold Shaft Mining
24:42 Fletching
24:53 Padded Archer Armor
26:44 Wheelbarrow
27:01 Pikeman
27:41 Squires
27:28 Arson
31:56 Imperial Age
30:01 Hand Cart
30:32 Forging
30:38 Leather Archer Armor
32:39 Arbalester
33:25 Thumb Ring
34:41 Crop Rotation
35:39 Chemistry
36:17 Ballistics
35:54 Bodkin Arrow
36:46 Halberdier
38:20 Bracer
38:51 Ring Archer Armor
Connection lost

Rejoining the realm…

Still unreachable

The connection could not be restored.

Session expired

The server has moved on; the page needs a fresh start.